 Dungeon Crawl Stone Soup version 0.30-a0-629-gd54f4be4f7 (webtiles) character file.

Game seed: 13083761795788949454

276 bande the Chopper (level 6, 0/38 HPs)
             Began as a Gargoyle Fighter on Jan 13, 2023.
             Slain by a gnoll
             ... wielding a +1 flail of holy wrath
             ... led by a gnoll bouda
              (2 damage)
             ... on level 6 of the Dungeon.
             The game lasted 00:06:07 (3190 turns).

bande the Chopper (Gargoyle Fighter)                Turns: 3190, Time: 00:06:08

Health: 0/38       AC: 21    Str: 19    XL:     6   Next: 25%
Magic:  6/6        EV:  7    Int:  9    God:
Gold:   128        SH:  4    Dex: 11    Spells: 5/5 levels left

rFire   . . .      SeeInvis .    a - +0 war axe
rCold   . . .      Faith    .    c - +0 buckler
rNeg    + . .      Spirit   .    k - +0 chain mail
rPois   ∞          Reflect  .    j - +0 helmet
rElec   +          Harm     .    (no cloak)
rCorr   .          Rampage  .    (no gloves)
Will    .....                    m - +1 pair of boots Stlth
                                 (no amulet)
HPRegen 0.26/turn                n - +4 ring of protection
MPRegen 0.10/turn                (no ring)

@: no status effects
A: sickness immunity, AC +4, negative energy resistance 1, electricity
resistance, torment resistance 1, petrification resistance
a: no special abilities


You were on level 6 of the Dungeon.
You visited 1 branch of the dungeon, and saw 5 of its levels.

You collected 128 gold pieces.

Inventory:

Hand Weapons
 a - a +0 war axe (weapon)
 s - a +1 flail of holy wrath
Armour
 c - a +0 buckler (worn)
 j - a +0 helmet (worn)
 k - a +0 chain mail (worn)
 m - a +1 pair of boots (worn)
Jewellery
 e - a ring of ice
 i - a ring of wizardry
 n - a +4 ring of protection (left hand)
Scrolls
 b - 2 scrolls of blinking
 g - 2 scrolls of teleportation
 p - 2 scrolls of fog
Potions
 d - a potion of might
 f - a potion of ambrosia
 h - a potion of cancellation
 l - 4 potions of curing
 q - a potion of magic
 r - a potion of lignification {unknown}


   Skills:
 + Level 4.2 Fighting
 + Level 4.5 Axes
 + Level 4.2 Armour
 + Level 3.8 Shields


You had 5 spell levels left.
You didn't know any spells.
Your spell library contained the following spells:

 Spells                   Type           Power      Damage    Failure   Level
 Freeze                   Ice            0%         1d3       99%         1
 Frozen Ramparts          Ice            0%         1d1       100%        3
 Hailstorm                Conj/Ice       0%         3d3       100%        3


Dungeon Overview and Level Annotations

Branches:
Dungeon (6/15)
 Temple: D:4-7

Altars:
Elyvilon
Gozag
Makhleb
Nemelex Xobeh
Qazlal
Vehumet


Innate Abilities, Weirdness & Mutations

You are immune to sickness and miasma.
Your stone body is resilient. (AC +4)
You are immune to poison.
You resist negative energy. (rN+)
You are resistant to electric shocks. (rElec)
You are resistant to unholy torment.
You are immune to petrification.


Message History

The gnoll bouda hits you but does no damage.
The gnoll hits you but does no damage. x2; The gnoll barely misses you.
You completely miss the ogre.
You hit the gnoll bouda but do no damage.
You hit the gnoll but do no damage. x2; The ogre hits you with a +0 giant club!
The gnoll bouda calls upon its god to heal the gnoll.
The gnoll is healed somewhat.
The gnoll hits you but does no damage.
The gnoll hits you with a +1 flail of holy wrath.
The gnoll hits you but does no damage.
Unknown command.
You hit the ogre.
The ogre is lightly wounded.
You barely miss the gnoll bouda. You barely miss the gnoll. You hit the gnoll.
The gnoll bouda calls upon its god to heal the gnoll.
The gnoll is healed somewhat.
The gnoll hits you but does no damage. The gnoll closely misses you.
You block the ogre's attack.
The gnoll hits you from afar with a +0 spear.
The gnoll barely misses you.
The gnoll bouda barks out a call to the hunt!
The gnolls pick up the pace!
Unknown command.
You slash the ogre!
The ogre is heavily wounded.
You hit the gnoll. You barely miss the gnoll bouda. You hit the gnoll.
Your attacks no longer feel as feeble.
The gnoll barely misses you. The gnoll hits you but does no damage.
The ogre hits you but does no damage.
The gnoll bouda hits you with a +0 club.
* * * LOW HITPOINT WARNING * * *
The gnoll closely misses you. The gnoll hits you but does no damage.
Unknown command.
You hit the ogre but do no damage.
The ogre is heavily wounded.
You hit the gnoll bouda but do no damage.
You slash the gnoll! You hit the gnoll. You block the gnoll's attack.
The gnoll bouda hits you with a +0 club.
* * * LOW HITPOINT WARNING * * *
You block the gnoll's attack.
The gnoll hits you with a +1 flail of holy wrath.
You die...

###+#######
........... #.
#.......... . #.
#.......... .. #.
#g@g....... ... #.
#gO........ .... #.
#.g........ .....#.
#..........
.......##..........
#...............
#>............##
#.####..#####.# #
##.# #


You could see an ogre, a gnoll bouda and 3 gnolls.

Vanquished Creatures
  A jelly (D:6)
  2 orc wizards (D:3)
  Robin (D:2)
  5 gnolls
  5 adders
  A worm (D:3)
  2 dart slugs
  7 orcs
  5 ball pythons
  7 bats
  5 endoplasms
  13 goblins
  11 hobgoblins
  6 quokkas
  2 frilled lizards
  5 kobolds
  2 rats
80 creatures vanquished.

Notes
Turn   | Place    | Note
-------+----------+-------------------------------------------
     0 | D:1      | bande the Gargoyle Fighter began the quest for the Orb.
     0 | D:1      | Reached XP level 1. HP: 14/14 MP: 1/1
   102 | D:1      | Reached XP level 2. HP: 19/19 MP: 2/2
   439 | D:1      | Reached XP level 3. HP: 18/24 MP: 3/3
  1137 | D:2      | Noticed Robin
  1157 | D:2      | Killed Robin
  1158 | D:2      | Reached XP level 4. HP: 25/29 MP: 4/4
  2037 | D:3      | Found a faded altar of an unknown god.
  2090 | D:3      | Reached XP level 5. HP: 32/33 MP: 5/5
  2640 | D:3      | Found a radiant altar of Vehumet.
  2645 | D:3      | Found a white marble altar of Elyvilon.
  2651 | D:3      | Found an opulent altar of Gozag.
  2655 | D:3      | Found a burning altar of Makhleb.
  2658 | D:3      | Found a sparkling altar of Nemelex Xobeh.
  2669 | D:3      | Found a stormy altar of Qazlal.
  2750 | D:3      | Reached XP level 6. HP: 38/38 MP: 6/6
  3120 | D:4      | You fall into a shaft and drop 2 floors!
  3190 | D:6      | Slain by a gnoll

Illustrated notes

Levels and vault maps discovered:
D:1:      dpeg_arrival_ternary, layout_basic, corexii_hall_statues_deadend
D:2:      layout_loops_ring, serial_forest, infiniplex_forest_diagonal,
          infiniplex_forest_lined_3, infiniplex_forest_lined_room_3,
          infiniplex_forest_split, infiniplex_forest_lined_3,
          infiniplex_forest_lined_room_2, infiniplex_forest_lined_corner,
          chequers_serial_rivers_micro_a, kennysheep_generic_room_12, uniq_robin
D:3:      layout_loops_ring, nicolae_overflow_hallway_of_the_gods,
          dreamdust_ecumenical_altar_hidden_monk_grotto, chequers_jeans,
          chequers_serial_rivers_room_b, serial_bayou_pond_e,
          hangedman_decor_points, moated_statue, minmay_misc_feat_alley
D:4:      nicolae_cairo_tiling_large_dashed, layout_gridville
D:6:      layout_basic, uniq_blork_the_orc

Skill      XL: |  1  2  3  4  5 |
---------------+----------------+-----
Axes           | 2 3 4 |  4.5
Fighting       | 4 |  4.2
Armour         | 4 |  4.2
Shields        | |  3.8

Action                   |  1- 3 |  4- 6 || total
-------------------------+-------+-------++-------
Melee: War axe           |   111 |   140 ||   251
  Use: Scroll            |     7 |     6 ||    13
Armor: Scale mail        |    15 |       ||    15
       Chain mail        |    66 |   129 ||   195
Dodge: Dodged            |    51 |    65 ||   116
Block: Buckler           |    19 |    38 ||    57

Table legend: (Time is in decaauts)
 A = Elapsed time spent in this place.
 B = Non-inter-level travel time spent in this place.
 C = Inter-level travel time spent in this place.
 D = Time resting spent in this place.
 E = Time spent auto-exploring this place.
 F = Levels seen in this place.
 G = Mean time per level.
                   A        B        C        D        E       F      G
               +--------+--------+--------+--------+--------+-----+--------+
         Total |   3291 |   3062 |    229 |    143 |   2226 |   5 |  658.2 |
       Dungeon |   3291 |   3062 |    229 |    143 |   2226 |   5 |  658.2 |
               +--------+--------+--------+--------+--------+-----+--------+

Top non-repeatable levels by time:
     D:2: 1204 daAuts
     D:3: 1068 daAuts
     D:1: 879 daAuts
     D:6: 73 daAuts
     D:4: 65 daAuts
